AoeStats
← eyupfc

Black Forest

510373798Analyzed
2v2 RM · 2d ago on Sep 30, 2026· 40m 29s· 4 players
Game mode
Random Map
Map size
Medium (4 player)
Population
200
Speed
Normal
Resources
Standard
Victory
Conquest
Starting age
Dark Age
Ending age
Imperial Age
RankedLock teamsTeams togetherTeam positionsShared explorationLock speedFull tech treeHidden civsTurbo modeCheats
Victory
Defeat
🇹🇷 Malians · Türkiye
1202
+13
🇹🇷 Slavs · Türkiye
1131
+17
🇭🇰 Danes · Hong Kong SAR China
1137
-15
🇹🇷 Saxons · Türkiye
1137
-15
乳不巨何以聚人心
0:30 Loom
12:51 Feudal Age
13:09 Man-at-Arms
19:49 Castle Age
18:17 Scale Mail Armor
18:18 Horse Collar
20:24 Double-Bit Axe
20:50 Fishing Lines
21:45 Bow Saw
23:29 Gillnets
28:50 Wheelbarrow
31:56 Imperial Age
32:22 Hand Cart
eyupfc
0:44 Loom
12:11 Feudal Age
16:53 Castle Age
16:27 Fishing Lines
17:52 Double-Bit Axe
18:04 Gillnets
20:22 Bow Saw
25:06 Wheelbarrow
25:01 Scale Mail Armor
25:47 Squires
26:19 Arson
27:17 Fletching
27:39 Gambesons
28:22 Chain Mail Armor
28:32 Forging
28:32 Horse Collar
29:17 Gold Mining
31:40 Iron Casting
32:16 Bodkin Arrow
37:39 Imperial Age
37:34 Heavy Plow
37:51 Elite Varangian Guard
38:55 Shield Wall
Gkzaim
1:05 Loom
12:48 Feudal Age
15:50 Horse Collar
16:10 Double-Bit Axe
18:04 Stone Mining
18:13 Gold Mining
23:10 Castle Age
22:49 Bloodlines
25:37 Gold Shaft Mining
29:12 Scale Barding Armor
29:18 Forging
29:15 Husbandry
32:51 Imperial Age
30:40 Detinets
39:49 Imperial Age
seher9203
0:54 Loom
13:18 Feudal Age
13:42 Horse Collar
18:31 Castle Age
18:01 Double-Bit Axe
23:34 Arson
27:34 Gold Mining
29:06 Scale Mail Armor
29:17 Forging
33:36 Imperial Age
33:39 Iron Casting
34:35 Elite Gbeto
36:07 Chain Mail Armor
36:54 Conscription
36:27 Cavalier
37:08 Husbandry
37:18 Bloodlines
38:18 Scale Barding Armor
39:26 Chain Barding Armor
39:36 Plate Mail Armor
Connection lost

Rejoining the realm…

Still unreachable

The connection could not be restored.

Session expired

The server has moved on; the page needs a fresh start.